cohdb
Replays
Latest Replays
All Replays
Popular Replays
Top Player Replays
Match Explorer
How It Works
Community
CoH3 Stats
Reddit
Sign in to upload your games and track your stats! →
Sign in with Steam
Match 46540636
Unlisted
Match 46540636
Overview
Messages
Build Orders
End
Pioneer Squad
Construct Infanterie Kompanie
Selects Terror Battlegroup
Grenadier Squad
MG 42 Machine Gun Team
Selects Machine Gun Camouflage
Grenadier Squad
MG 42 Machine Gun Team
Infanterie Officer Quarters
Medical Bunker
Construct Luftwaffe Kompanie
Jäger Squad
Flak 30 Anti-aircraft Gun Team
Jäger Squad
Luftwaffe Officer Quarters
Construct Panzer Kompanie
Stoßtruppen Squad
Selects Defend the Fatherland
Selects King Tiger Heavy Tank
King Tiger Heavy Tank
Jäger Squad
Pioneer Squad
Jäger Squad
Pioneer Squad
Stoßtruppen Squad
Selects Contempt for the Weak
Selects Jericho Trumpet
aSIISpanky
aSIIDemolitionHammer
Esxile
pineapple the fruit dude
0
0
Comments
sign in to comment!
No comments posted yet!